 Dungeon Crawl Stone Soup version 0.31-a0-654-gbe3e110b4e (webtiles) character file.

Game seed: 9036788407260921351

245748 Pooter the Executioner (level 19, -5/135 (177) HPs)
             Began as a Minotaur Berserker on Aug 27, 2023.
             Was an Elder of Trog.
             Shot with an arrow by a deep elf master archer (19 damage)
             ... on level 3 of the Elven Halls on Aug 29, 2023.
             The game lasted 03:54:35 (75599 turns).

Pooter the Executioner (Minotaur Berserker)        Turns: 75599, Time: 03:54:35

HP:   -5/135 (177)  AC: 26    Str: 26    XL:     19   Next: 18%
MP:   18/18         EV: 11    Int:  4    God:    Trog [****..]
Gold: 1747          SH:  0    Dex: 12    Spells: 18/18 levels left

rFire   + + .        b - +3 greatsling "Punk" {acid, rCorr}
rCold   + + .        (no shield)
rNeg    . . .        C - +9 storm dragon scales "Mifo" {rElec rCorr}
rPois   .            (helmet unavailable)
rElec   +            w - scarf {rC+ rF+}
rCorr   +            m - +2 pair of gloves {hurl}
SInv    .            (no boots)
Will    +++..        (no amulet) Stlth
                     H - +4 ring of slaying
HPRegen 1.42/turn    G - +4 ring of slaying
MPRegen 0.16/turn

%: no passive effects
@: strong-willed, regenerating, heavily drained
A: horns 3, retaliatory headbutt, hooves 1, iridescent scales 1, clumsy 1, cold
resistance 1, deformed body, fire resistance 1, MP-powered wands
}: 1/15 runes: gossamer
a: Renounce Religion, Berserk, Trog's Hand, Brothers in Arms


You were on level 3 of the Elven Halls.
You worshipped Trog.
Trog was greatly pleased with you.
You visited 5 branches of the dungeon, and saw 29 of its levels.
You visited the Abyss 1 time.

You collected 3444 gold pieces.
You spent 1697 gold pieces at shops.

Inventory:

Hand Weapons
 a - a +1 heavy executioner's axe
   (Trog gifted it to you on level 2 of the Spider Nest)
 b - the +3 greatsling "Punk" (weapon) {acid, rCorr}
   (You found it on level 3 of the Lair of Beasts)

   rCorr:     It protects you from acid and corrosion.
 k - a +4 morningstar of venom
   (You subdued it on level 2 of the Elven Halls)
 p - a +4 battleaxe
   (You took it off a tengu warrior on level 13 of the Dungeon)
 x - a +0 demon trident of venom
   (You took it off Urug on level 11 of the Dungeon)
 K - a +1 demon whip of venom
   (You took it off Amaemon on level 3 of the Lair of Beasts)
 Q - a +5 antimagic battleaxe
   (Trog gifted it to you on level 2 of the Elven Halls)
 R - the +2 shortbow "Gogerom" {antimagic, rF- Int+4}
   (You bought it in a shop on level 2 of the Orcish Mines)

   Int+4:     It affects your intelligence (+4).
   rF-:       It makes you vulnerable to fire.
 X - a +2 war axe of flaming
   (You subdued it on level 2 of the Elven Halls)
 Y - a +3 arbalest of flaming
   (You took it off a gnoll sergeant on level 9 of the Dungeon)
Missiles
 h - 23 boomerangs
 o - a throwing net {!f}
 q - 37 poisoned darts
 E - 4 curare-tipped darts
 M - 5 atropa-tipped darts
 W - 8 javelins
Armour
 m - a +2 pair of gloves of hurling (worn)
   (You found it on level 4 of the Spider Nest)
 w - a scarf of resistance (worn)
   (You bought it in a shop on level 2 of the Dungeon)
 C - the +9 storm dragon scales "Mifo" (worn) {rElec rCorr}
   (You took it off a deep elf blademaster on level 3 of the Elven Halls)

   rElec:     It insulates you from electricity.
   rCorr:     It protects you from acid and corrosion.
 T - the +0 plate armour of Past Mistakes {rElec rC- Str+4 SInv Stlth+}
   (You found it on level 11 of the Dungeon)

   Str+4:     It affects your strength (+4).
   rC-:       It makes you vulnerable to cold.
   rElec:     It insulates you from electricity.
   SInv:      It lets you see invisible.
   Stlth+:    It makes you more stealthy.
Jewellery
 g - a ring of flight
   (You bought it in a shop on level 2 of the Orcish Mines)
 r - a +6 ring of intelligence
   (You found it on level 12 of the Dungeon)
 z - a +5 ring of evasion
   (You took it off a gnoll sergeant on level 11 of the Dungeon)
 A - the ring "Dycroop" {rPois rCorr Str+6 Dex-4}
   (You found it on level 6 of the Dungeon)

   [ring of strength]

   Str+6:     It affects your strength (+6).
   Dex-4:     It affects your dexterity (-4).
   rPois:     It protects you from poison rCorr: It protects you from acid and
   corrosion.
 G - a +4 ring of slaying (right hand)
   (You found it on level 3 of the Spider Nest)
 H - a +4 ring of slaying (left hand)
   (You found it on level 2 of the Lair of Beasts)
 P - a ring of poison resistance
   (You took it off a deep elf master archer on level 3 of the Elven Halls)
 S - a ring of see invisible
   (You found it on level 10 of the Dungeon)
 Z - a ring of ice
   (You found it on level 2 of the Elven Halls)
Wands
 d - a wand of iceblast (3)
   (You found it on level 3 of the Lair of Beasts)
 f - a wand of flame (13)
   (You found it on level 13 of the Dungeon)
 l - a wand of polymorph (8)
   (You found it on level 2 of the Spider Nest)
 u - a wand of paralysis (13)
   (You found it on level 5 of the Dungeon)
 y - a wand of quicksilver (2)
   (You took it off an orc on level 10 of the Dungeon)
 I - a wand of mindburst (21)
   (You found it on level 1 of the Lair of Beasts)
Scrolls
 e - 2 scrolls of fear
 i - 4 scrolls of identify {@r1}
 n - 7 scrolls of revelation
 t - 14 scrolls of teleportation {@r4}
 F - 5 scrolls of silence
 J - 2 scrolls of immolation {!r}
 U - 3 scrolls of fog
Potions
 c - 6 potions of lignification {!q}
 j - 8 potions of curing {@q1}
 s - 2 potions of haste {@q3}
 v - 9 potions of heal wounds {@q2}
 B - a potion of resistance
 D - 5 potions of enlightenment
 L - 2 potions of might
 N - a potion of invisibility
 O - 6 potions of attraction {!q}
 V - 2 potions of cancellation


   Skills:
 + Level 17.1 Fighting
 * Level 22.0(22.2) Axes
 - Level 5.2(15.4) Maces & Flails
 - Level 18.0 Ranged Weapons
 - Level 3.3 Throwing
 - Level 15.4 Armour
 + Level 5.4 Dodging
 + Level 7.0 Stealth
 + Level 9.5 Evocations


You had 18 spell levels left.
You didn't know any spells.
Your spell library was empty.

Dungeon Overview and Level Annotations

Branches:
Dungeon (15/15) Zot: 22276  Temple (0/1) D:6            Lair (5/5) D:10 Zot: 16092
  Swamp (0/4) Lair:3       Spider (4/4) Lair:2 Zot: 756   Slime (0/5) Lair:5
    Orc (2/2) D:10 Zot: 4692     Elf (3/3) Orc:2 Zot: 9001  Vaults (0/5) D:13
 Depths (0/4) D:15

Altars:
Ashenzari
Cheibriados
Dithmenos
Elyvilon
Fedhas
Gozag
Hepliaklqana
Kikubaaqudgha
Makhleb
Nemelex Xobeh
Okawaru
Qazlal
Ru
Sif Muna
Trog
Uskayaw
Vehumet
Wu Jian
Xom
Yredelemnul
Zin
The Shining One

Shops:
D:2 [   D:7 (   D:11 ![?*?   Orc:1 (   Orc:2 [:*(

Portals:
Abyss: D:9

Annotations:
Elf:2 5 runed translucent doors


Innate Abilities, Weirdness & Mutations

You have a pair of large horns on your head.
You reflexively headbutt those who attack you in melee.
You have large cloven feet.
You are partially covered in iridescent scales. (AC +2)
You are clumsy. (Dex -2)
Your flesh is cold resistant. (rC+)
Armour fits poorly on your strangely shaped body.
Your flesh is heat resistant. (rF+)
You expend magic power (3 MP) to strengthen your wands.


Message History

The arrow hits you!!
You feel drained.
You shoot a sling bullet.
The sling bullet hits the deep elf master archer!
The deep elf master archer is splashed with acid!
The acid corrodes the deep elf master archer!
The deep elf master archer shoots an arrow.
The arrow hits you!
You feel drained.
The deep elf master archer shoots an arrow.
The arrow hits you!!
* * * LOW HITPOINT WARNING * * *
You feel drained.
* * * LOW HITPOINT WARNING * * *
Your skin crawls.
You feel strong-willed.
The deep elf master archer shoots an arrow.
The arrow barely misses you.
You are too injured to fight recklessly!
Fire: b) +3 greatsling "Punk" {acid, rCorr}
Press: ? - help, Q - select action, (/) - cycle Shift-Dir - straight line, f/p - deep elf master archer
Aim: a deep elf master archer, wielding a +2 longbow of draining, wearing a +0 scale mail and quivering stones (heavily wounded, covered in acid, 70% to hit)
You shoot a sling bullet.
The sling bullet hits the deep elf demonologist!
The deep elf demonologist is splashed with acid!
The acid corrodes the deep elf demonologist!
The deep elf demonologist gestures wildly while chanting.
Fire: b) +3 greatsling "Punk" {acid, rCorr}
Press: ? - help, Q - select action, (/) - cycle Shift-Dir - straight line, f/p - deep elf master archer
Aim: a deep elf master archer, wielding a +2 longbow of draining, wearing a +0 scale mail and quivering stones (moderately wounded, covered in acid, 70% to hit)
You shoot a sling bullet.
The sling bullet hits the deep elf demonologist!!
The deep elf demonologist is splashed with acid!
The deep elf demonologist seems to be corroded for longer.
You kill the deep elf demonologist!
Trog accepts your kill.
Trog appreciates your killing of a magic user.
The soul eater disappears in a puff of smoke!
The deep elf master archer shoots an arrow.
The arrow hits you!!
* * * LOW HITPOINT WARNING * * *
You feel drained.
* * * LOW HITPOINT WARNING * * *
Your Stealth skill increases to level 7!
The deep elf master archer shoots an arrow.
The arrow hits you!
* * * LOW HITPOINT WARNING * * *
You feel drained.
* * * LOW HITPOINT WARNING * * *
The deep elf master archer shoots an arrow.
The arrow hits you!!
You die...

###°# #...#
#)### #○#
#)# ####
##.#
#..#####..#
#..[[)))e##
#.@.)))###
#.....§..#
#..[...###
#....'##
#..#'#.##
####.##.##
#.###.##
#.# ##.##
#.#
##.#####


You could see a deep elf master archer (corroded).

Vanquished Creatures
  Bai Suzhen (Elf:3)
  A deep elf master archer (Elf:3)
  2 deep elf blademasters (Elf:3)
  A tentacled starspawn (Abyss:3)
  Aizul (Elf:1)
  9 emperor scorpions
  7 deep elf elementalists (Elf:3)
  3 deep elf sorcerers (Elf:3)
  An orc warlord (Orc:2)
  5 ghost moths
  2 broodmothers
  6 deep elf annihilators (Elf:3)
  8 deep elf demonologists
  A spark wasp (Spider:2)
  2 deep elf death magi
  2 fire dragons (Lair:5)
  Josephine (D:13)
  A great orb of eyes (D:9)
  4 deep elf high priests (Elf:3)
  5 entropy weavers
  4 vault guards (D:13)
  4 centaur warriors
  7 hydras
  An ogre mage (D:15)
  6 radroaches
  A jorogumo (Spider:3)
  A catoblepas (D:13)
  3 death yaks
  2 boulder beetles
  11 dancing weapons
  A tengu warrior (D:13)
  7 two-headed ogres
  9 demonic crawlers
  A thrashing horror (D:9)
  Nergalle (Orc:2)
  4 deep elf knights
  Urug (D:11)
  2 orc high priests
  A skyshark (Lair:3)
  The ghost of ytrimaz the Covert, a novice OpSh of Gozag (D:9)
  6 skeletal warriors
  Sonja (D:13)
  3 sun moths
  Amaemon (Lair:3)
  A storm dragon skeleton (D:15)
  4 pharaoh ants
  16 orb spiders
  A flayed ghost (D:15)
  2 bog bodies (Lair:3)
  A swamp dragon (Lair:5)
  A lindwurm (Lair:5)
  7 deep elf archers
  2 wizards
  A necromancer (D:15)
  3 orc knights
  13 deep elf zephyrmancers
  10 steelbarb worms
  A frost giant zombie (D:15)
  7 ugly things (D:15)
  25 deep elf pyromancers
  12 wolf spiders
  4 large abominations (Elf:1)
  2 oklob plants (Lair:5)
  3 orc sorcerers (Orc:2)
  4 cyclopes
  5 manticores
  2 moths of wrath
  15 elephants
  3 black mambas
  A frost giant skeleton (D:15)
  An orange demon (Lair:3)
  A smoke demon (D:9)
  9 torpor snails
  8 cane toads
  An unseen horror (shapeshifter) (D:13)
  3 rime drakes
  5 komodo dragons
  2 tengu conjurers (D:13)
  An ancient zyme (D:9)
  A guardian mummy (D:15)
  An efreet (D:13)
  8 trolls
  9 meliai
  31 tarantellas
  6 hornets (Lair:5)
  A polar bear (Lair:5)
  4 tyrant leeches (Lair:5)
  13 blink frogs
  11 slime creatures
  Sigmund (D:6)
  4 air elementals
  29 jumping spiders
  2 shadows
  A culicivora (shapeshifter) (D:15)
  A vampire (D:14)
  20 culicivoras
  2 wyverns
  2 water elementals (D:15)
  33 yaks
  5 wraiths
  2 small abominations (D:9)
  3 fire elementals
  6 basilisks
  5 steam dragons
  Grum (D:10)
  56 redbacks
  11 vampire mosquitoes
  2 wargs
  A human zombie (D:15)
  18 water moccasins
  An acid dragon (D:11)
  2 black bears (D:6)
  27 orc warriors
  An ice beast (D:6)
  2 swamp drakes (Lair:5)
  A sky beast (D:6)
  5 ogres
  11 wolves
  2 centaurs (D:8)
  2 phantoms (D:5)
  Blork the orc (D:6)
  4 earth elementals
  A kobold brigand (D:7)
  An elf zombie (Elf:1)
  2 gnoll sergeants
  14 bullfrogs
  9 wights
  12 killer bees
  6 howler monkeys
  5 electric eels
  23 orc priests
  7 jellies
  3 hounds
  3 sleepcaps
  4 iguanas
  44 orc wizards
  11 hell rats
  18 gnolls
  10 adders
  A shadow imp (D:7)
  3 white imps
  2 worms (D:2)
  2 dart slugs
  106 orcs
  7 endoplasms
  A giant cockroach (D:3)
  10 hobgoblins
  4 jackals
  14 kobolds
  4 quokkas
  3 training dummies (Orc:1)
  5 ball pythons
  5 bats
  2 frilled lizards
  9 goblins
  5 rats
1024 creatures vanquished.

Vanquished Creatures (others)
  5 dream sheep (D:7)
  A water elemental (Elf:3)
  2 starspawn tentacles (Abyss:3)
8 creatures vanquished.

Grand Total: 1032 creatures vanquished

Notes
Turn   | Place    | Note
-------+----------+-------------------------------------------
     0 | D:1      | Pooter the Minotaur Berserker began the quest for the Orb.
     0 | D:1      | Reached XP level 1. HP: 19/19 MP: 0/0
     6 | D:1      | Noticed a komodo dragon
     6 | D:1      | Noticed a ragged hierophant
     7 | D:1      | Noticed a centaur
    86 | D:1      | Reached XP level 2. HP: 23/27 MP: 1/1
   108 | D:1      | Reached skill level 4 in Axes
   166 | D:1      | Reached skill level 1 in Stealth
   471 | D:1      | Reached ** piety under Trog
   687 | D:2      | Reached XP level 3. HP: 33/33 MP: 2/2
   713 | D:2      | Found a snail-covered altar of Cheibriados.
   994 | D:2      | Reached XP level 4. HP: 40/40 MP: 3/3
  1217 | D:2      | Found Vutiagic's Antique Armour Shop.
  1752 | D:3      | Found a faded altar of an unknown god.
  1827 | D:3      | Reached skill level 5 in Axes
  2022 | D:4      | Reached XP level 5. HP: 42/47 MP: 4/4
  2113 | D:4      | Reached *** piety under Trog
  2270 | D:4      | Found a sparkling altar of Nemelex Xobeh.
  2273 | D:4      | Found a blossoming altar of Fedhas.
  2296 | D:4      | Found a stormy altar of Qazlal.
  2554 | D:2      | Bought a runed scarf for 200 gold pieces
  2657 | D:4      | Found an opulent altar of Gozag.
  2663 | D:4      | Found a glowing golden altar of the Shining One.
  2668 | D:4      | Found a shadowy altar of Dithmenos.
  2670 | D:4      | Found a basalt altar of Yredelemnul.
  2675 | D:4      | Found a hazy altar of Hepliaklqana.
  2997 | D:5      | Entered Level 5 of the Dungeon
  3014 | D:5      | Noticed a phantom
  3027 | D:5      | Killed a phantom
  3028 | D:5      | Reached skill level 1 in Ranged Weapons
  3028 | D:5      | Reached XP level 6. HP: 55/55 MP: 5/5
  3231 | D:5      | Reached skill level 6 in Axes
  3298 | D:5      | Found a radiant altar of Vehumet.
  3303 | D:5      | Reached skill level 5 in Fighting
  3340 | D:5      | Found an ancient bone altar of Kikubaaqudgha.
  3351 | D:5      | Found a shimmering blue altar of Sif Muna.
  3365 | D:5      | Reached XP level 7. HP: 61/61 MP: 6/6
  3665 | D:5      | Reached skill level 7 in Axes
  4336 | D:6      | Noticed Sigmund
  4786 | D:6      | Found a staircase to the Ecumenical Temple.
  4907 | D:6      | Reached XP level 8. HP: 70/70 MP: 7/7
  4915 | D:6      | Noticed Blork the orc
  4935 | D:6      | Killed Blork the orc
  5052 | D:6      | Identified the ring "Dycroop" {rPois rCorr Str+6 Dex-4}
  5074 | D:6      | Reached skill level 8 in Axes
  5524 | D:6      | Killed Sigmund
  5875 | D:7      | Found Kes Touk's Antique Weapon Boutique.
  5911 | D:7      | Reached skill level 5 in Ranged Weapons
  5956 | D:7      | Reached skill level 9 in Axes
  6106 | D:7      | Reached XP level 9. HP: 57/74 MP: 8/8
  6468 | D:7      | Found a shimmering altar of Xom.
  6899 | D:8      | Reached skill level 10 in Axes
  7541 | D:8      | Reached skill level 11 in Axes
  7550 | D:8      | Reached XP level 10. HP: 21/89 MP: 9/9
  8228 | D:9      | Found a transporter.
  8241 | D:9      | Noticed a smoke demon
  8246 | D:9      | Noticed a wizard
  8286 | D:9      | Found a transporter.
  8288 | D:9      | Noticed a great orb of eyes
  8388 | D:9      | Noticed ytrimaz's ghost (novice OpSh)
  8414 | D:9      | Noticed a thrashing horror
  8424 | D:9      | Found a one-way gate to the infinite horrors of the Abyss.
  8454 | D:9      | Reached skill level 12 in Axes
  8702 | D:10     | Entered Level 10 of the Dungeon
 10182 | D:10     | Reached skill level 10 in Ranged Weapons
 10253 | D:10     | Found a staircase to the Lair.
 12017 | D:10     | Found a white marble altar of Elyvilon.
 12017 | D:10     | Found an ornate altar of the Wu Jian Council.
 12021 | D:10     | Found a snail-covered altar of Cheibriados.
 12023 | D:10     | Found an iron altar of Okawaru.
 12025 | D:10     | Found a bloodstained altar of Trog.
 12025 | D:10     | Found a hide-covered altar of Uskayaw.
 12026 | D:10     | Found a sacrificial altar of Ru.
 12026 | D:10     | Found a burning altar of Makhleb.
 12027 | D:10     | Found a glowing silver altar of Zin.
 12029 | D:10     | Found a broken altar of Ashenzari.
 12199 | D:10     | Found a staircase to the Orcish Mines.
 12348 | D:10     | Reached skill level 13 in Axes
 12406 | D:10     | Noticed Grum
 12415 | D:10     | Killed Grum
 12416 | D:10     | Reached XP level 11. HP: 66/97 MP: 10/10
 12552 | D:10     | Gained mutation: You are partially covered in iridescent
                  | scales. (AC +2) [potion of mutation]
 12552 | D:10     | Gained mutation: You are strong-willed. (Will+) [potion of
                  | mutation]
 12552 | D:10     | Gained mutation: You have an increased reservoir of magic.
                  | (+10% MP) [potion of mutation]
 12576 | Lair:1   | Entered Level 1 of the Lair of Beasts
 12582 | Lair:1   | Reached skill level 1 in Throwing
 12806 | Lair:1   | Reached skill level 10 in Fighting
 13628 | Lair:1   | You fall into a shaft and drop 1 floor!
 13639 | Lair:2   | Reached skill level 14 in Axes
 14586 | Lair:2   | Found a hole to the Spider Nest.
 14610 | Lair:2   | Found a shimmering altar of Xom.
 15112 | Lair:3   | Reached skill level 1 in Evocations
 15322 | Lair:3   | Noticed a skyshark
 15327 | Lair:3   | Killed a skyshark
 15429 | Lair:3   | Found the +3 greatsling "Punk" {acid, rCorr}
 15480 | Lair:3   | Noticed a bog body
 15483 | Lair:3   | Killed a bog body
 15484 | Lair:3   | Reached XP level 12. HP: 108/108 MP: 12/12
 15744 | Lair:3   | Found a staircase to the Swamp.
 15756 | Lair:3   | Noticed Amaemon
 15774 | Lair:3   | Killed Amaemon
 15778 | Lair:3   | Reached skill level 15 in Axes
 15921 | Lair:3   | Reached skill level 1 in Maces & Flails
 17038 | Lair:4   | Noticed an eight-headed hydra
 17045 | Lair:4   | Killed an eight-headed hydra
 17441 | Lair:5   | Entered Level 5 of the Lair of Beasts
 17626 | Lair:5   | Found a runed translucent door.
 17627 | Lair:5   | Noticed a fire dragon
 17644 | Lair:5   | Killed a fire dragon
 17973 | Lair:5   | Reached skill level 16 in Axes
 17976 | Lair:5   | Reached XP level 13. HP: 117/117 MP: 13/13
 19326 | Lair:5   | Reached skill level 5 in Maces & Flails
 24005 | Lair:5   | Found a staircase to the Slime Pits.
 24290 | Lair:5   | Found the +1 robe of Vines {NoPotionHeal Regen++++}
 24303 | Lair:5   | Reached skill level 5 in Evocations
 24766 | Lair:5   | Reached skill level 17 in Axes
 25857 | Lair:5   | Noticed a fire dragon
 25865 | Lair:5   | Killed a fire dragon
 26227 | Orc:1    | Entered Level 1 of the Orcish Mines
 26760 | Orc:1    | Found Con Ifeg's Firing Range.
 27266 | Orc:2    | Entered Level 2 of the Orcish Mines
 27996 | Orc:2    | Found a staircase to the Elven Halls.
 28201 | Orc:2    | Noticed an orc warlord
 28210 | Orc:2    | Killed an orc warlord
 28218 | Orc:2    | Reached skill level 15 in Ranged Weapons
 28225 | Orc:2    | Reached **** piety under Trog
 28226 | Orc:2    | Reached XP level 14. HP: 110/127 MP: 14/14
 30279 | Orc:2    | Noticed Nergalle
 30803 | Orc:2    | Killed Nergalle
 32943 | Orc:2    | Found Yrifom's Antique Weapon Boutique.
 32959 | Orc:2    | Found Sudiong's General Store.
 33168 | Orc:2    | Bought a ring of flight for 227 gold pieces
 33168 | Orc:2    | Bought a wand of mindburst (6) for 109 gold pieces
 33542 | Orc:2    | Found Zikivol's Book Boutique.
 33576 | Orc:2    | Found Orchun's Antique Armour Boutique.
 33686 | Orc:2    | Bought an iridescent shortbow for 264 gold pieces
 33686 | Orc:2    | Identified the +2 shortbow "Gogerom" {antimagic, rF- Int+4}
                  | (You bought it in a shop on level 2 of the Orcish Mines)
 33775 | D:11     | Found Kuttoexy's Distillery.
 33776 | D:11     | Found Inohufy's Armour Emporium.
 33787 | D:11     | Identified the +0 plate armour of Past Mistakes {rElec rC-
                  | Str+4 SInv Stlth+}
 33814 | D:11     | Bought a potion of curing for 42 gold pieces
 33814 | D:11     | Bought a potion of enlightenment for 70 gold pieces
 33814 | D:11     | Bought a potion of curing for 42 gold pieces
 33814 | D:11     | Bought a potion of mutation for 112 gold pieces
 33814 | D:11     | Bought a potion of might for 56 gold pieces
 33814 | D:11     | Bought a potion of brilliance for 56 gold pieces
 33814 | D:11     | Bought a potion of curing for 42 gold pieces
 34002 | Orc:2    | Bought a scroll of fog for 52 gold pieces
 34106 | D:11     | Found Uchav's Assorted Antiques.
 34114 | D:11     | Bought a white potion for 28 gold pieces
 34138 | D:11     | Found Uquh's Magic Scroll Emporium.
 34156 | D:11     | Bought 2 scrolls of brand weapon for 209 gold pieces
 34156 | D:11     | Bought a scroll of revelation for 82 gold pieces
 34156 | D:11     | Bought a scroll of identify for 22 gold pieces
 35137 | D:11     | Noticed Urug
 35150 | D:11     | Killed Urug
 35220 | D:11     | Found Raamitos's Magic Scroll Shoppe.
 35228 | D:11     | Bought a scroll of identify for 28 gold pieces
 35228 | D:11     | Bought a scroll of identify for 28 gold pieces
 35228 | D:11     | Bought a scroll of identify for 28 gold pieces
 35452 | D:12     | Reached skill level 18 in Axes
 35471 | D:12     | Reached skill level 5 in Stealth
 35923 | D:13     | Found a gate to the Vaults.
 35936 | D:13     | Reached skill level 5 in Armour
 36394 | D:13     | Noticed Josephine
 36403 | D:13     | Killed Josephine
 37451 | D:13     | Noticed Sonja
 37459 | D:13     | Killed Sonja
 38111 | D:14     | Reached XP level 15. HP: 137/137 MP: 15/15
 38160 | D:14     | Reached skill level 19 in Axes
 38768 | D:14     | Found a hide-covered altar of Uskayaw.
 38907 | D:15     | Entered Level 15 of the Dungeon
 39916 | D:15     | Reached ***** piety under Trog
 40716 | D:15     | Found a staircase to the Depths.
 43139 | D:9      | Killed ytrimaz's ghost
 43404 | Elf:1    | Entered Level 1 of the Elven Halls
 44050 | Elf:1    | Reached skill level 10 in Armour
 45034 | Elf:1    | Noticed Aizul
 45047 | Elf:1    | Killed Aizul
 45530 | Elf:1    | Paralysed by an air elemental for 1 turns
 45532 | Elf:1    | Paralysed by an air elemental for 1 turns
 45847 | Elf:1    | Paralysed by an air elemental for 1 turns
 45850 | Elf:1    | Paralysed by an air elemental for 1 turns
 45854 | Elf:1    | Paralysed by an air elemental for 1 turns
 46856 | Elf:1    | Paralysed by an air elemental for 1 turns
 46860 | Elf:1    | Paralysed by an air elemental for 1 turns
 47357 | Spider:1 | Entered Level 1 of the Spider Nest
 47545 | Spider:1 | Reached skill level 15 in Fighting
 47547 | Spider:1 | Lost mutation: You have an increased reservoir of magic.
                  | (+10% MP) [potion of mutation]
 47547 | Spider:1 | Lost mutation: You are partially covered in iridescent
                  | scales. (AC +2) [potion of mutation]
 47547 | Spider:1 | Gained mutation: You expend magic power (3 MP) to
                  | strengthen your wands. [potion of mutation]
 47547 | Spider:1 | Gained mutation: You have a somewhat thin skeletal
                  | structure. (Dex +2, Stealth+) [potion of mutation]
 47547 | Spider:1 | Gained mutation: Your spells are a little harder to cast,
                  | but a little more powerful. [potion of mutation]
 47548 | Spider:1 | Lost mutation: You expend magic power (3 MP) to strengthen
                  | your wands. [potion of mutation]
 47548 | Spider:1 | Lost mutation: You have a somewhat thin skeletal structure.
                  | (Dex +2, Stealth+) [potion of mutation]
 47548 | Spider:1 | Gained mutation: You have a pair of large horns on your
                  | head. [potion of mutation]
 47548 | Spider:1 | Gained mutation: A frigid envelope surrounds you and
                  | freezes all who hurt you. [potion of mutation]
 47549 | Spider:1 | Lost mutation: A frigid envelope surrounds you and freezes
                  | all who hurt you. [potion of mutation]
 47549 | Spider:1 | Lost mutation: You are strong-willed. (Will+) [potion of
                  | mutation]
 47549 | Spider:1 | Gained mutation: Your mind is acute. (Int +4, Str/Dex -1)
                  | [potion of mutation]
 47549 | Spider:1 | Gained mutation: Your flesh is cold resistant. (rC+)
                  | [potion of mutation]
 47549 | Spider:1 | Gained mutation: Your flesh is very cold resistant. (rC++)
                  | [potion of mutation]
 47550 | Spider:1 | Lost mutation: Your mind is acute. (Int +4, Str/Dex -1)
                  | [potion of mutation]
 47550 | Spider:1 | Lost mutation: Your flesh is very cold resistant. (rC++)
                  | [potion of mutation]
 47550 | Spider:1 | Gained mutation: You have supernaturally acute eyesight.
                  | (SInv) [potion of mutation]
 47550 | Spider:1 | Gained mutation: You are weak. (Str -2) [potion of
                  | mutation]
 47550 | Spider:1 | Gained mutation: You are partially covered in iridescent
                  | scales. (AC +2) [potion of mutation]
 47586 | Spider:1 | Reached XP level 16. HP: 115/149 MP: 15/15
 49978 | Spider:1 | Gained mutation: You do not regenerate when monsters are
                  | visible. [mutagenic glow]
 49979 | Spider:1 | Lost mutation: You are weak. (Str -2) [potion of mutation]
 49979 | Spider:1 | Lost mutation: You do not regenerate when monsters are
                  | visible. [potion of mutation]
 49979 | Spider:1 | Gained mutation: Your flesh is heat resistant. (rF+)
                  | [potion of mutation]
 49979 | Spider:1 | Lost mutation: Your spells are a little harder to cast, but
                  | a little more powerful. [potion of mutation]
 49979 | Spider:1 | Lost mutation: You have supernaturally acute eyesight.
                  | (SInv) [potion of mutation]
 49979 | Spider:1 | Gained mutation: You have hidden genetic potential. [potion
                  | of mutation]
 51223 | Spider:2 | Received a gift from Trog
 51414 | Spider:2 | HP: 2/149 [torpor snail (17)]
 53328 | Spider:2 | Upgraded the game from 0.31-a0-640-g39d97e502b to
                  | 0.31-a0-654-gbe3e110b4e
 53434 | Spider:3 | Reached skill level 20 in Axes
 53935 | Spider:3 | Lost intelligence.
 60222 | Spider:4 | Entered Level 4 of the Spider Nest
 61609 | Spider:3 | Gained mutation: You are clumsy. (Dex -2) [mutagenic glow]
 61610 | Spider:3 | Reached XP level 17. HP: 138/158 MP: 0/16
 61619 | Spider:3 | Gained mutation: Armour fits poorly on your strangely
                  | shaped body. [mutagenic glow]
 66752 | Spider:4 | Identified the +2 scale mail "Vomah" {Str+3}
 67144 | Spider:4 | Gained mutation: You expend magic power (3 MP) to
                  | strengthen your wands. [hidden potential]
 69923 | Spider:4 | Glimpsed the power of Zot.
 70043 | Spider:4 | Got a gossamer rune of Zot
 70052 | Spider:4 | Reached skill level 15 in Armour
 70052 | Spider:4 | Reached XP level 18. HP: 166/166 MP: 11/17
 70573 | Elf:1    | Reached skill level 21 in Axes
 71787 | Elf:2    | Found a huge runed translucent gate.
 71787 | Elf:2    | Found a huge runed translucent gate.
 71788 | Elf:2    | Found a huge runed translucent gate.
 71789 | Elf:2    | Found a huge runed translucent gate.
 71792 | Elf:2    | Found a huge runed translucent gate.
 72711 | Elf:2    | Received a gift from Trog
 72920 | Elf:3    | Entered Level 3 of the Elven Halls
 73451 | Elf:3    | Paralysed by an air elemental for 1 turns
 73609 | Elf:3    | Paralysed by an air elemental for 1 turns
 74010 | Abyss:3  | Cast into level 3 of the Abyss (a deep elf demonologist)
 74017 | Abyss:3  | Found a corrupted altar of Lugonu.
 74029 | Abyss:3  | Found a corrupted altar of Lugonu.
 74032 | Elf:3    | Escaped the Abyss
 74041 | Elf:3    | Identified the +9 storm dragon scales "Mifo" {rElec rCorr}
 74380 | Elf:3    | Noticed a Tzitzimitl
 74513 | Elf:3    | Noticed Bai Suzhen
 74533 | Elf:3    | Killed Bai Suzhen
 74534 | Elf:3    | Reached XP level 19. HP: 110/174 MP: 18/18
 75086 | Elf:3    | Identified the +2 robe of Henotheism {+Inv Str+2}
 75117 | Elf:3    | Reached skill level 5 in Dodging
 75503 | Elf:3    | Reached skill level 22 in Axes
 75564 | Elf:3    | Gained mutation: You have large cloven feet. [hidden
                  | potential]
 75564 | Elf:3    | Lost mutation: You have hidden genetic potential. [hidden
                  | potential expressed]
 75599 | Elf:3    | Shot with an arrow by a deep elf master archer

Illustrated notes

Levels and vault maps discovered:
D:1:      onia_arrival_zoo_common, layout_rooms
D:2:      minmay_diamond_boxcup, layout_loops_ring, basic_altar, serial_shops,
          nicolae_shop_peninsula
D:3:      cheibrodos_old_hovel, layout_rooms,
          shapermc_ecumenical_altar_rom_forum
D:4:      layout_cave_pools, grunt_temple_overflow_forces_of_nature,
          nicolae_overflow_hallway_of_the_gods
D:5:      layout_cave_pods, palyth_temple_overflow_mages
D:6:      layout_loops_ring, temple_doors_e, uniq_blork_the_orc, uniq_sigmund
D:7:      minmay_evil_eye, layout_cave_pools, kb_xom_exploding_sheep,
          serial_shops, nicolae_shop_tiny_statue_garden
D:8:      layout_cave_pods
D:9:      layout_gridville, gammafunk_ghost_abyssal_escape
D:10:     layout_irregular_city, minitemple, erik_lair_island,
          hiddenorc2_lemuel, uniq_grum
D:11:     layout_cross, serial_shops, nicolae_shop_just_a_little_nook, shop,
          shop, shop, nicolae_diamond_shop, uniq_urug
D:12:     layout_rooms
D:13:     layout_irregular_city, lightli_vaults_fourway_checkpoint,
          uniq_josephine, uniq_sonja
D:14:     layout_basic, nicolae_uskayaw_dance_hall
D:15:     gammafunk_depths_entry_grave, layout_basic, minmay_misc_feat_square
Lair:1:   layout_cellular_growth
Lair:2:   layout_misc_corridors, spider_nest_entry_web_field, basic_altar
Lair:3:   layout_small_grid, skrybe_swamp_entry_bodies, uniq_amaemon
Lair:4:   layout_loops_ring, serial_rivers, chequers_serial_rivers_micro_e,
          chequers_serial_rivers_small_b, chequers_serial_rivers_micro_a,
          chequers_serial_rivers_small_a, chequers_serial_rivers_micro_a,
          chequers_serial_rivers_micro_a
Lair:5:   wormcave, layout_regular_city, guppyfry_lair_end_dragon,
          nicolae_slime_entry_field_trip, serial_bayou_pond_e,
          hellmonk_guarded_unrand_vines, infiniplex_staircase_pool
Spider:1: layout_chambers
Spider:2: layout_spider_delve
Spider:3: layout_spider_delve
Spider:4: grunt_spider_rune_circles, spiders_nest_hornet_nest
Orc:1:    layout_caves, nicolae_orc_stony_grotto, nicolae_shop_firing_range
Orc:2:    grunt_orc_cross, layout_caves
Elf:1:    layout_onion_city, minmay_elf_necromancy, uniq_aizul
Elf:2:    elven_hall_of_blades_hangedman_alternative
          [nicolae_blade_entry_crossed_weapons], layout_geoelf_diagonals,
          uniq_donald
Elf:3:    elf_hall, layout_geoelf_diagonals, kilobyte_mutagenic_chamber,
          uniq_bai_suzhen

Skill      XL: |  1  2  3  4  5  6  7  8  9 10 11 12 13 14 15 16 17 18 19 |
---------------+----------------------------------------------------------+-----
Axes           | 4 5 6 7 9 11 13 14 16 17 18 19 20 21 22 | 22.0
Stealth        | 1 2 3 4 5 6 7 |  7.0
Fighting       | 4 5 7 8 9 10 11 12 13 15 16 17 | 17.1
Ranged Weapons | 1 3 5 8 10 12 13 15 16 17 18 | 18.0
Throwing       | 3 |  3.3
Evocations     | 1 3 5 6 8 9 |  9.5
Maces & Flails | 4 5 |  5.2
Armour         | 7 11 13 15 | 15.4
Dodging        | 4 5 |  5.4

Action                     |  1- 3 |  4- 6 |  7- 9 | 10-12 | 13-15 | 16-18 | 19-21 || total
---------------------------+-------+-------+-------+-------+-------+-------+-------++-------
  Melee: Hand axe          |    99 |   111 |       |       |       |       |       ||   210
         Headbutt          |    12 |    18 |    26 |    88 |   102 |    66 |     2 ||   314
         Punch             |       |     2 |       |     1 |       |       |       ||     3
         Trident           |       |    17 |       |       |       |       |       ||    17
         War axe           |       |    19 |   114 |       |       |       |       ||   133
         Dire flail        |       |       |    23 |       |     9 |       |       ||    32
         Battleaxe         |       |       |    60 |   345 |   435 |    87 |       ||   927
         Demon whip        |       |       |       |    10 |       |       |       ||    10
         Scimitar          |       |       |       |       |     3 |       |       ||     3
         Executioner's axe |       |       |       |       |       |   256 |    19 ||   275
   Fire: Sling             |       |    15 |    55 |       |       |       |       ||    70
         Shortbow          |       |       |    16 |   110 |       |       |       ||   126
         Orcbow            |       |       |       |    65 |       |       |       ||    65
         Greatsling        |       |       |       |    77 |   611 |   510 |    52 ||  1250
         Arbalest          |       |       |       |       |    79 |    31 |       ||   110
  Throw: Boomerang         |     6 |     2 |     6 |     8 |    12 |    18 |       ||    52
         Dart              |       |     2 |     2 |     2 |    15 |       |       ||    21
 Invoke: Berserk           |     1 |     6 |    14 |    20 |    14 |    17 |     1 ||    73
         Trog's Hand       |       |     4 |    11 |    23 |    29 |    15 |     7 ||    89
  Evoke: Wand              |       |       |     6 |     3 |    24 |    23 |       ||    56
    Use: Scroll            |     3 |     2 |    10 |     3 |    22 |     5 |     1 ||    46
         Potion            |       |       |       |     3 |     8 |     9 |       ||    20
   Stab: Paralysed         |       |       |     3 |     6 |     3 |       |       ||    12
         Invisible         |       |       |       |       |       |     2 |       ||     2
 Armour: Animal skin       |     8 |       |       |       |       |       |       ||     8
         Plate armour      |    44 |    98 |   174 |   254 |   285 |   481 |       ||  1336
         Storm dragon scal |       |       |       |       |       |    11 |    21 ||    32
  Dodge: Dodged            |    41 |    32 |   108 |   184 |   206 |   341 |     8 ||   920

Table legend: (Time is in decaauts)
 A = Elapsed time spent in this place.
 B = Non-inter-level travel time spent in this place.
 C = Inter-level travel time spent in this place.
 D = Time resting spent in this place.
 E = Time spent auto-exploring this place.
 F = Levels seen in this place.
 G = Mean time per level.
                   A        B        C        D        E       F      G
               +--------+--------+--------+--------+--------+-----+--------+
         Total |  76624 |  74354 |   2270 |  50268 |  15796 |  30 | 2554.1 |
       Dungeon |  23148 |  21887 |   1261 |  10490 |   8280 |  15 | 1543.2 |
          Lair |  13907 |  13606 |    301 |   8537 |   3623 |   5 | 2781.4 |
   Spider Nest |  23243 |  22998 |    245 |  19353 |   2149 |   4 | 5810.8 |
  Orcish Mines |   7307 |   7022 |    285 |   5613 |    810 |   2 | 3653.5 |
   Elven Halls |   8996 |   8821 |    175 |   6273 |    933 |   3 | 2998.7 |
         Abyss |     21 |     21 |      0 |      0 |      0 |   1 |   21.0 |
               +--------+--------+--------+--------+--------+-----+--------+

Top non-repeatable levels by time:
  Lair:5: 8526 daAuts
Spider:4: 8169 daAuts
Spider:2: 6945 daAuts
   Orc:2: 5727 daAuts
    D:10: 4570 daAuts
Spider:3: 4394 daAuts
   Elf:1: 4272 daAuts
    D:15: 4075 daAuts
Spider:1: 3735 daAuts
   Elf:2: 2939 daAuts
     D:5: 1963 daAuts
  Lair:1: 1814 daAuts
   Elf:3: 1785 daAuts
   Orc:1: 1580 daAuts
    D:11: 1567 daAuts
